 Dungeon Crawl Stone Soup version 0.29-a0-668-g12ee2bf84d (webtiles) character file.

Game seed: 8152940164343117436

7332 DocClef the Blocker (level 11, -13/159 HPs)
             Began as a Gnoll Fighter on June 23, 2022.
             Was a Priest of Trog.
             Mangled by a black mamba (14 damage)
             ... on level 2 of the Lair of Beasts.
             The game lasted 00:10:27 (8889 turns).

DocClef the Blocker (Gnoll Fighter)                 Turns: 8889, Time: 00:10:27

Health: -13/159    AC: 10    Str: 19    XL:     11   Next: 13%
Magic:  20/20      EV: 17    Int: 11    God:    Trog [***...]
Gold:   625        SH:  6    Dex: 11    Spells: 22/22 levels left

rFire   . . .      SeeInvis .   n - +1 war axe (vamp)
rCold   . . .      Faith    .   c - +0 buckler
rNeg    . . .      Spirit   .   P - +0 troll leather armour
rPois   .          Reflect  .   O - +0 helmet
rElec   .          Harm     .   k - +1 cloak
rCorr   .          Rampage  .   z - +0 pair of gloves
Will    +++..                   (no boots)
Stlth   ..........              (no amulet)
HPRegen 2.16/turn               j - +4 ring of evasion
MPRegen 0.17/turn               C - ring of willpower

@: berserking, lethally poisoned (-13 -> -17), strong-willed, regenerating, very
quick
A: fangs 1, strong nose, distributed training, talons 1, clever 1, robust 2
a: Renounce Religion, Berserk, Trog's Hand


You were on level 2 of the Lair of Beasts.
You worshipped Trog.
Trog was most pleased with you.
You visited 2 branches of the dungeon, and saw 10 of its levels.

You collected 625 gold pieces.

Inventory:

Hand Weapons
 n - a +1 vampiric war axe (weapon)
 G - a +4 morningstar of flaming
Missiles
 y - 3 atropa-tipped darts (quivered)
Armour
 c - a +0 buckler (worn)
 g - +0 steam dragon scales
 k - a +1 cloak (worn)
 z - a +0 pair of gloves (worn)
 B - a +0 chain mail
 O - a +0 helmet (worn)
 P - a +0 troll leather armour (worn)
Jewellery
 j - a +4 ring of evasion (left hand)
 l - a ring of willpower
 s - an amulet of the acrobat
 C - a ring of willpower (right hand)
Wands
 a - a wand of mindburst (11)
 v - a wand of iceblast (16)
 x - a wand of charming (23)
 D - a wand of polymorph (15)
 K - a wand of quicksilver (14)
Scrolls
 f - 3 scrolls of teleportation
 m - 2 scrolls of blinking
 o - a scroll of torment
 q - 10 scrolls of identify
 w - 3 scrolls of noise
 A - 2 scrolls of silence
 H - a scroll of brand weapon
 I - a scroll of magic mapping {unknown}
 L - a scroll of fog
 M - a scroll of enchant weapon
 N - a scroll of amnesia {unknown}
Potions
 b - a potion of haste
 d - 4 potions of might
 e - 5 potions of curing
 h - 2 potions of mutation
 i - 2 potions of lignification {unknown}
 p - 2 potions of magic {unknown}
 r - a potion of flight {unknown}
 t - a potion of berserk rage {unknown}
 u - a potion of brilliance {unknown}
 E - 3 potions of ambrosia
 F - a potion of resistance {unknown}
 J - a potion of invisibility {unknown}
 Q - 2 potions of heal wounds {unknown}
 R - a potion of degeneration {unknown}


   Skills:
 + Level 9.0 Fighting
 + Level 6.0 Short Blades
 + Level 6.0 Long Blades
 + Level 6.0 Axes
 + Level 7.6 Maces & Flails
 + Level 6.0 Polearms
 + Level 6.0 Staves
 + Level 6.0 Slings
 + Level 6.0 Bows
 + Level 6.0 Crossbows
 + Level 6.0 Throwing
 + Level 9.0 Armour
 + Level 6.0 Dodging
 + Level 6.0 Stealth
 + Level 9.0 Shields
 + Level 6.0 Unarmed Combat
 + Level 6.0 Spellcasting
 + Level 5.0 Conjurations
 + Level 5.0 Hexes
 + Level 5.0 Summonings
 + Level 5.0 Necromancy
 + Level 5.0 Translocations
 + Level 5.0 Transmutations
 + Level 5.0 Fire Magic
 + Level 5.0 Ice Magic
 + Level 5.0 Air Magic
 + Level 5.0 Earth Magic
 + Level 5.0 Poison Magic
 + Level 6.6 Invocations
 + Level 6.0 Evocations


You had 22 spell levels left.
You didn't know any spells.
Your spell library contained the following spells:

 Spells                   Type           Power      Damage    Failure   Level
 Magic Dart               Conj           56%        1d5       3%          1
 Call Imp                 Summ           14%        N/A       5%          2
 Gell's Gravitas          Tloc           14%        N/A       11%         3
 Lesser Beckoning         Tloc           14%        N/A       11%         3
 Mephitic Cloud           Conj/Pois/Air  14%        N/A       11%         3
 Teleport Other           Tloc           14%        N/A       11%         3


Dungeon Overview and Level Annotations

Branches:
Dungeon (8/15)             Temple (0/1) D:7            Lair (2/6) D:8
  Swamp: Lair:2-4    Shoals: Lair:2-4     Snake: Lair:2-4    Spider: Lair:2-4

Altars:
Ashenzari
Gozag
Trog
Vehumet
Wu Jian
The Shining One

Shops:
D:5 =

Annotations:
D:8 1 runed translucent door
Lair:1 2 transporters, buhh's ghost, journeyman FoFi


Innate Abilities, Weirdness & Mutations

You have very sharp teeth.
Your uncanny sense of smell can sniff out nearby items.
Your experience applies equally to all skills.
You have sharp toenails.
Your mind is acute. (Int +4, Str/Dex-1)
You are very robust. (+20% HP)


Message History

The black mamba bites you but does no damage.
You barely miss the black mamba. Your kick misses the black mamba.
The black mamba is heavily wounded.
You hit the cane toad but do no damage.
You feel very sick. The black mamba misses you. The cane toad misses you.
You block the black mamba's attack. The cane toad stings you!
The black mamba bites you!
You are too injured to fight recklessly!
You are too injured to fight recklessly!
You are too injured to fight recklessly!
You are too injured to fight recklessly!
You hit the black mamba but do no damage.
Your kick misses the black mamba.
The black mamba is moderately wounded.
You hit the cane toad but do no damage.
You feel very sick. The black mamba bites you.
* * * LOW HITPOINT WARNING * * *
You block the cane toad's attack. You block the black mamba's attack.
Your skin crawls.
You feel strong-willed.
You feel sick. The cane toad barely misses you. The black mamba bites you!
* * * LOW HITPOINT WARNING * * *
You are more poisoned.
The black mamba poisons you! The cane toad stings you!
* * * LOW HITPOINT WARNING * * *
You block the black mamba's attack.
A red film seems to cover your vision as you go berserk!
You feel yourself moving faster!
You feel mighty!
You feel very sick. You block the black mamba's attack.
The cane toad stings you!
* * * LOW HITPOINT WARNING * * *
You barely miss the black mamba. Your kick misses the black mamba.
The black mamba is moderately wounded.
You hit the cane toad.
* * * LOW HITPOINT WARNING * * *
You feel very sick. The black mamba bites you!
You die...

## ## .###.
....# ....# .
....#..
###......P ##
#.#F....#
##.######.@S..#
#...........P##
...........###
......#...##
.##.....#
##...#P#
###...####
##.....#
##.....P#


You could see a black mamba and a cane toad.

Vanquished Creatures
  A deep troll (Lair:1)
  Pikel (D:6)
  Joseph (D:7)
  A cane toad (Lair:1)
  Maggie (D:6)
  A komodo dragon (D:8)
  5 blink frogs (Lair:1)
  A vampire (D:7)
  Sigmund (D:2)
  4 yaks (Lair:1)
  A steam dragon (D:8)
  A water moccasin (Lair:1)
  2 black bears
  3 orc warriors
  3 sky beasts
  An ogre (D:7)
  2 centaurs (D:8)
  A necrophage (D:7)
  A gnoll sergeant (D:7)
  6 bullfrogs
  3 scorpions
  10 wights
  6 howler monkeys
  5 orc priests
  A jelly (D:8)
  An iguana (D:6)
  8 orc wizards
  A mummy (D:6)
  7 gnolls
  13 adders
  A shadow imp (D:6)
  2 white imps
  2 ufetubi
  2 worms
  3 dart slugs
  35 orcs
  A bat (D:1)
  4 endoplasms
  4 giant cockroaches
  5 goblins
  13 hobgoblins
  2 jackals (D:4)
  3 quokkas
  12 ball pythons
  A frilled lizard (D:2)
  6 kobolds
  10 rats
199 creatures vanquished.

Vanquished Creatures (others)
  36 plants
36 creatures vanquished.

Grand Total: 235 creatures vanquished

Notes
Turn   | Place    | Note
-------+----------+-------------------------------------------
     0 | D:1      | DocClef the Gnoll Fighter began the quest for the Orb.
     0 | D:1      | Reached XP level 1. HP: 23/23 MP: 1/1
   207 | D:1      | Reached XP level 2. HP: 29/29 MP: 2/2
   754 | D:2      | Reached XP level 3. HP: 25/35 MP: 2/4
   763 | D:2      | Reached skill level 1 in Invocations
   903 | D:2      | Reached skill level 1 in Short Blades
   903 | D:2      | Reached skill level 1 in Long Blades
   903 | D:2      | Reached skill level 1 in Axes
   903 | D:2      | Reached skill level 1 in Polearms
   903 | D:2      | Reached skill level 1 in Staves
   903 | D:2      | Reached skill level 1 in Slings
   903 | D:2      | Reached skill level 1 in Bows
   903 | D:2      | Reached skill level 1 in Crossbows
   903 | D:2      | Reached skill level 1 in Throwing
   903 | D:2      | Reached skill level 1 in Dodging
   903 | D:2      | Reached skill level 1 in Stealth
   903 | D:2      | Reached skill level 1 in Unarmed Combat
   903 | D:2      | Reached skill level 1 in Spellcasting
   903 | D:2      | Reached skill level 1 in Evocations
  1008 | D:2      | Noticed Sigmund
  1021 | D:2      | Killed Sigmund
  1022 | D:2      | Reached skill level 1 in Conjurations
  1022 | D:2      | Reached skill level 1 in Hexes
  1022 | D:2      | Reached skill level 1 in Summonings
  1022 | D:2      | Reached skill level 1 in Necromancy
  1022 | D:2      | Reached skill level 1 in Translocations
  1022 | D:2      | Reached skill level 1 in Transmutations
  1022 | D:2      | Reached skill level 1 in Fire Magic
  1022 | D:2      | Reached skill level 1 in Ice Magic
  1022 | D:2      | Reached skill level 1 in Air Magic
  1022 | D:2      | Reached skill level 1 in Earth Magic
  1022 | D:2      | Reached skill level 1 in Poison Magic
  1022 | D:2      | Reached XP level 4. HP: 26/41 MP: 4/6
  1022 | D:2      | Reached XP level 5. HP: 30/47 MP: 4/7
  1387 | D:2      | Reached XP level 6. HP: 49/53 MP: 8/8
  1607 | D:3      | Found a faded altar of an unknown god.
  1754 | D:3      | Found a broken altar of Ashenzari.
  1863 | D:3      | Found a bloodstained altar of Trog.
  1863 | D:3      | Found an ornate altar of the Wu Jian Council.
  1876 | D:3      | Became a worshipper of Trog the Wrathful
  2140 | D:3      | Reached skill level 5 in Maces & Flails
  2292 | D:3      | Found an opulent altar of Gozag.
  2495 | D:4      | Noticed a black bear
  2509 | D:4      | Killed a black bear
  2689 | D:4      | Reached XP level 7. HP: 52/59 MP: 10/10
  2841 | D:4      | Reached * piety under Trog
  3156 | D:5      | Entered Level 5 of the Dungeon
  4075 | D:5      | Found Uhiuk's Jewellery Shoppe.
  4279 | D:6      | Noticed Pikel
  4290 | D:6      | Killed Pikel
  4291 | D:6      | Reached XP level 8. HP: 10/67 MP: 11/13
  4539 | D:6      | Reached ** piety under Trog
  4762 | D:6      | Noticed Maggie
  4776 | D:6      | Killed Maggie
  4777 | D:6      | Reached XP level 9. HP: 73/73 MP: 14/14
  5276 | D:6      | Found the +1 Delatra's gloves {ID++}
  5387 | D:6      | Found a radiant altar of Vehumet.
  5777 | D:7      | Noticed Joseph
  5788 | D:7      | Killed Joseph
  5789 | D:7      | Reached skill level 5 in Invocations
  5850 | D:7      | Gained mutation: You are robust. (+10% HP) [potion of
                  | mutation]
  5850 | D:7      | Gained mutation: Your mind is acute. (Int +4, Str/Dex-1)
                  | [potion of mutation]
  5850 | D:7      | Gained mutation: You are very robust. (+20% HP) [potion of
                  | mutation]
  5850 | D:7      | Gained mutation: You have sharp toenails. [potion of
                  | mutation]
  6251 | D:7      | Found a staircase to the Ecumenical Temple.
  6328 | D:7      | Reached XP level 10. HP: 58/96 MP: 17/17
  6817 | D:7      | Reached skill level 5 in Short Blades
  6817 | D:7      | Reached skill level 5 in Long Blades
  6817 | D:7      | Reached skill level 5 in Axes
  6817 | D:7      | Reached skill level 5 in Polearms
  6817 | D:7      | Reached skill level 5 in Staves
  6817 | D:7      | Reached skill level 5 in Slings
  6817 | D:7      | Reached skill level 5 in Bows
  6817 | D:7      | Reached skill level 5 in Crossbows
  6817 | D:7      | Reached skill level 5 in Throwing
  6817 | D:7      | Reached skill level 5 in Dodging
  6817 | D:7      | Reached skill level 5 in Stealth
  6817 | D:7      | Reached skill level 5 in Unarmed Combat
  6817 | D:7      | Reached skill level 5 in Spellcasting
  6817 | D:7      | Reached skill level 5 in Evocations
  7140 | D:8      | Reached *** piety under Trog
  7215 | D:8      | Identified the +6 dagger "Earthworm" {holy, Int+2 Dex+4}
  7477 | D:8      | Found a glowing golden altar of the Shining One.
  7516 | D:8      | Found a runed translucent door.
  7545 | D:8      | Found a staircase to the Lair.
  7875 | Lair:1   | Entered Level 1 of the Lair of Beasts
  8010 | Lair:1   | Noticed a cane toad
  8023 | Lair:1   | Killed a cane toad
  8076 | Lair:1   | Noticed a deep troll
  8090 | Lair:1   | Killed a deep troll
  8287 | Lair:1   | Reached XP level 11. HP: 104/104 MP: 19/19
  8374 | Lair:1   | Found a transporter.
  8375 | Lair:1   | Found a transporter.
  8376 | Lair:1   | Noticed buhh's ghost (journeyman FoFi)
  8448 | Lair:1   | Reached skill level 5 in Conjurations
  8448 | Lair:1   | Reached skill level 5 in Hexes
  8448 | Lair:1   | Reached skill level 5 in Summonings
  8448 | Lair:1   | Reached skill level 5 in Necromancy
  8448 | Lair:1   | Reached skill level 5 in Translocations
  8448 | Lair:1   | Reached skill level 5 in Transmutations
  8448 | Lair:1   | Reached skill level 5 in Fire Magic
  8448 | Lair:1   | Reached skill level 5 in Ice Magic
  8448 | Lair:1   | Reached skill level 5 in Air Magic
  8448 | Lair:1   | Reached skill level 5 in Earth Magic
  8448 | Lair:1   | Reached skill level 5 in Poison Magic
  8888 | Lair:2   | HP: 4/159 [cane toad (16)]
  8889 | Lair:2   | HP: 1/159 [poisoned by a black mamba]
  8889 | Lair:2   | Mangled by a black mamba

Illustrated notes

Levels and vault maps discovered:
D:1:      dpeg_arrival_ratfight, layout_basic, minivault_4, minivault_27,
          st_stairs_5
D:2:      layout_rooms, minmay_shallow_snake_nest, uniq_sigmund
D:3:      layout_loops_ring, lemuel_coloured_pillars_altar,
          cheibrodos_ashenzari_chains, jmf_multi_god_temple,
          basic_ecumenical_altar, eino_curves_02, dk_noncrumbling_3,
          chequers_jeans, minmay_surrounded
D:4:      layout_basic, minmay_vboxes
D:5:      layout_basic, minmay_shop_enchanted_jewellery, nrook_uturn
D:6:      layout_basic, mainiacjoe_overflow_alcove_1, gup_ossuary_entry_pyramid,
          minmay_misc_feat_more_columns, chequers_mini_garden,
          pf_guarded_unrand_delatra, uniq_pikel, uniq_maggie
D:7:      layout_loops_cross, minmay_temple_entry_grid, enter_bailey_4,
          uniq_joseph
D:8:      layout_rooms, old_standard_altar, david_lair_shrubbed,
          lightli_church_of_beogh
Lair:1:   dreamdust_cave_troll, layout_chaotic_city, gammafunk_ghost_hive,
          serial_forest, infiniplex_forest_zigzag_2,
          infiniplex_forest_clump_tiny, infiniplex_forest_straight_3,
          infiniplex_forest_clump_cross, infiniplex_forest_clump_medium,
          infiniplex_forest_lined_2, infiniplex_forest_split,
          infiniplex_forest_clump_double
Lair:2:   layout_cave_pods, disabler_island

Skill      XL: |  1  2  3  4  5  6  7  8  9 10 11 |
---------------+----------------------------------+-----
Invocations    | 1 2 3 4 5 6 |  6.6
Short Blades   | 1 2 3 4 5 6 |  6.0
Long Blades    | 1 2 3 4 5 6 |  6.0
Axes           | 1 2 3 4 5 6 |  6.0
Polearms       | 1 2 3 4 5 6 |  6.0
Staves         | 1 2 3 4 5 6 |  6.0
Slings         | 1 2 3 4 5 6 |  6.0
Bows           | 1 2 3 4 5 6 |  6.0
Crossbows      | 1 2 3 4 5 6 |  6.0
Throwing       | 1 2 3 4 5 6 |  6.0
Dodging        | 1 2 3 4 5 6 |  6.0
Stealth        | 1 2 3 4 5 6 |  6.0
Unarmed Combat | 1 2 3 4 5 6 |  6.0
Spellcasting   | 1 2 3 4 5 6 |  6.0
Evocations     | 1 2 3 4 5 6 |  6.0
Conjurations   | 1 2 3 4 5 |  5.0
Hexes          | 1 2 3 4 5 |  5.0
Summonings     | 1 2 3 4 5 |  5.0
Necromancy     | 1 2 3 4 5 |  5.0
Translocations | 1 2 3 4 5 |  5.0
Transmutations | 1 2 3 4 5 |  5.0
Fire Magic     | 1 2 3 4 5 |  5.0
Ice Magic      | 1 2 3 4 5 |  5.0
Air Magic      | 1 2 3 4 5 |  5.0
Earth Magic    | 1 2 3 4 5 |  5.0
Poison Magic   | 1 2 3 4 5 |  5.0
Maces & Flails | 5 6 7 |  7.6
Fighting       | 7 8 9 |  9.0
Armour         | 7 8 9 |  9.0
Shields        | 7 8 9 |  9.0

Action                   |  1- 3 |  4- 6 |  7- 9 | 10-12 || total
-------------------------+-------+-------+-------+-------++-------
Melee: Flail             |    98 |   149 |   102 |       ||   349
       Bite              |     7 |    14 |    35 |    25 ||    81
       Morningstar       |       |       |   171 |    56 ||   227
       War axe           |       |       |    28 |   174 ||   202
       Kick              |       |       |     9 |    79 ||    88
Invok: Berserk           |       |       |     3 |     2 ||     5
       Trog's Hand       |       |       |     1 |     3 ||     4
  Use: Scroll            |       |       |    14 |       ||    14
       Potion            |       |       |     1 |       ||     1
 Stab: Sleeping          |       |       |     1 |     3 ||     4
Armor: Scale mail        |    36 |    89 |    28 |       ||   153
       Chain mail        |       |       |    32 |       ||    32
       Steam dragon scal |       |       |    41 |    53 ||    94
       Troll leather arm |       |       |       |    20 ||    20
Dodge: Dodged            |    38 |    76 |   187 |   236 ||   537
Block: Buckler           |    33 |    45 |    91 |    86 ||   255

Table legend: (Time is in decaauts)
 A = Elapsed time spent in this place.
 B = Non-inter-level travel time spent in this place.
 C = Inter-level travel time spent in this place.
 D = Time resting spent in this place.
 E = Time spent auto-exploring this place.
 F = Levels seen in this place.
 G = Mean time per level.
                   A        B        C        D        E       F      G
               +--------+--------+--------+--------+--------+-----+--------+
         Total |   9088 |   8834 |    254 |    359 |   6728 |  10 |  908.8 |
       Dungeon |   8042 |   7812 |    230 |    356 |   5916 |   8 | 1005.2 |
          Lair |   1045 |   1021 |     24 |      3 |    812 |   2 |  522.5 |
               +--------+--------+--------+--------+--------+-----+--------+

Top non-repeatable levels by time:
     D:7: 1536 daAuts
     D:6: 1381 daAuts
     D:5: 1107 daAuts
  Lair:1: 984 daAuts
     D:3: 909 daAuts
     D:4: 814 daAuts
     D:8: 801 daAuts
     D:1: 753 daAuts
     D:2: 738 daAuts
  Lair:2: 60 daAuts
